 Dungeon Crawl Stone Soup version 0.30.1 (webtiles) character file.

Game seed: 2250210374652463401

107 Sanktem7 the Trooper (level 4, 0/41 HPs)
             Began as a Minotaur Fighter on July 11, 2023.
             Killed by divine providence
             ... invoked by an orc priest
              (11 damage)
             ... on level 3 of the Dungeon.
             The game lasted 00:02:09 (1486 turns).

Sanktem7 the Trooper (Minotaur Fighter)             Turns: 1486, Time: 00:02:10

Health: 0/41       AC:  7    Str: 22    XL:     4   Next: 57%
Magic:  3/3        EV:  9    Int:  5    God:
Gold:   109        SH:  4    Dex: 10    Spells: 3/3 levels left

rFire   . . .        a - +0 war axe {axe}
rCold   . . .        c - +0 buckler
rNeg    . . .        b - +0 scale mail
rPois   .            (helmet restricted)
rElec   .            (no cloak)
rCorr   .            (no gloves)
SInv    .            (no boots)
Will    .....        (no amulet) Stlth
                     (no ring)
HPRegen 0.26/turn    (no ring)
MPRegen 0.08/turn

%: no passive effects
@: no status effects
A: horns 2, retaliatory headbutt
a: no special abilities


You were on level 3 of the Dungeon.
You visited 1 branch of the dungeon, and saw 3 of its levels.

You collected 109 gold pieces.


Innate Abilities, Weirdness & Mutations

You have a pair of horns on your head.
You reflexively headbutt those who attack you in melee.


   Skills:
 + Level 4.4 Fighting
 * Level 4.1 Axes
 + Level 4.3 Armour
 + Level 4.3 Shields


You had 3 spell levels left.
You didn't know any spells.
Your spell library contained the following spells:

 Spells                   Type           Power      Damage    Failure   Level
 Magic Dart               Conj           0%         1d3       86%         1
 Call Imp                 Summ           0%         N/A       94%         2
 Gell's Gravitas          Tloc           0%         N/A       99%         3
 Mephitic Cloud           Conj/Pois/Air  0%         N/A       99%         3
 Teleport Other           Tloc           0%         N/A       99%         3
 Dispersal                Tloc           0%         N/A       100%        6

Inventory:

Hand Weapons
 a - a +0 war axe (weapon) {axe}
 f - a +2 short sword of venom {short}
   (You took it off a kobold on level 1 of the Dungeon)
Missiles
 g - 41 stones (quivered) {throwing}
Armour
 b - a +0 scale mail (worn)
 c - a +0 buckler (worn)
Magical Staves
 r - a staff of death {!astaff}
   (You found it on level 2 of the Dungeon)
Jewellery
 e - an amulet of faith {!P}
   (You found it on level 1 of the Dungeon)
 k - a ring of ice
   (You found it on level 1 of the Dungeon)
Scrolls
 h - 2 scrolls of vulnerability {unknown}
 i - a scroll of enchant armour {unknown}
 j - 2 scrolls of silence {unknown}
 l - a scroll of magic mapping {unknown}
 p - a scroll of teleportation {unknown}
 q - 2 scrolls of identify {unknown}
Potions
 d - 2 potions of might
 m - a potion of heal wounds {unknown}
 n - 2 potions of ambrosia {unknown}
 o - a potion of degeneration {unknown}

Dungeon Overview and Level Annotations

Branches:
Dungeon (3/15) Zot: 16489

Altars:

Shops:
D:1

( ####.....
#$#.##....#
#.#.#..##
#######..........#
............##...#
............# .###
.......w...# #
.......o).# .
.......@).## .#
.......W)..##<#
.........#.#..#
########.#...#
#######.#...####
#...............
#.....<.........
#...............
#...............


You could see a phantom, a worm and an orc priest.


Message History

No target in view!
No target in view!
No target in view!
No target in view!
No target in view!
No target in view!
No target in view!
A frilled lizard comes into view.
The frilled lizard hisses angrily.
A frilled lizard is nearby!
A frilled lizard is nearby!
A frilled lizard is nearby!
The frilled lizard bites you but does no damage.
You slash the frilled lizard!
You kill the frilled lizard!
No target in view!
No target in view!
No target in view!
No target in view!
No target in view!
No target in view!
No target in view!
No target in view!
No target in view!
No target in view!
You now have 109 gold pieces (gained 5).
You see here a frilled lizard corpse.
Found an escape hatch in the floor.
Done exploring.
Done exploring.
There is a stone staircase leading down here.
You climb downwards.
Found an escape hatch in the ceiling.
There is a stone staircase leading up here.
A rat comes into view.
A rat is nearby!
A phantom and an orc come into view.
The phantom moves out of view. 2 orcs come into view.
The orc shouts! x2; You hear a shout! x2
An orc priest comes into view. It is wielding a +0 hand axe.
A frilled lizard comes into view.
The frilled lizard hisses angrily.
The rat bites you.
A worm comes into view. 😕 HP[-2]
You take 2 damage, and now have 39/41 hp.
You slash the rat!
You kill the rat!
You hit the orc but do no damage. You headbutt the orc, but do no damage.
The orc barely misses you. You furiously retaliate!
You headbutt the orc! 😕 HP[+1]
You barely miss the orc. You hit the phantom.
The phantom hits you but does no damage.
You hit the phantom. You hit the orc but do no damage. You hit the orc.
The phantom hits you.
The phantom blinks!
You blink.
The orc priest mumbles some strange prayers to Beogh against you.
Beogh smites you! The phantom hits you.
The phantom blinks!
You blink. 😮 HP[-18]
You take 18 damage, and now have 22/41 hp.
MASSIVE DAMAGE!! (PAUSE)
You barely miss the phantom. Your headbutt misses the phantom. You hit the orc.
You hit the orc priest. The orc hits you but does no damage.
The phantom closely misses you. You furiously retaliate!
You headbutt the phantom! 😮 HP[+1]
You closely miss the phantom. Your headbutt misses the phantom.
You hit the orc priest but do no damage.
You hit the orc but do no damage. You hit the orc.
You kill the orc!
You barely miss the orc. The orc barely misses you.
The orc hits you but does no damage.
The orc priest looks encouraged for a moment.
The phantom hits you but does no damage.
You closely miss the phantom. You headbutt the phantom. You hit the orc priest.
You hit the orc but do no damage. You slash the orc!
You kill the orc!
The orc priest mumbles some strange prayers to Beogh against you.
Pain shoots through your body!
* * * LOW HITPOINT WARNING * * *
The orc hits you but does no damage.
The phantom hits you but does no damage.
You block the orc priest's attack. The orc barely misses you.
You furiously retaliate!
You headbutt the orc.
You kill the orc!
The frilled lizard bites you.
* * * LOW HITPOINT WARNING * * *
The phantom hits you but does no damage. 😱 HP[-13]
You take 13 damage, and now have 10/41 hp.
MASSIVE DAMAGE!! (PAUSE)
You closely miss the phantom. You hit the orc priest.
You hit the frilled lizard.
You kill the frilled lizard!
The phantom hits you but does no damage.
The orc priest calls down the wrath of Beogh upon you.
Beogh smites you!
You die...

Skill      XL: |  1  2  3  4 |
---------------+-------------+-----
Axes           | 3 4 |  4.1
Fighting       | 4 |  4.4
Armour         | 4 |  4.3
Shields        | 4 |  4.3

Action                     |  1- 3 |  4- 6 || total
---------------------------+-------+-------++-------
  Melee: War axe           |    43 |    26 ||    69
         Headbutt          |     6 |     2 ||     8
 Armour: Scale mail        |    26 |    24 ||    50
  Dodge: Dodged            |    22 |    16 ||    38
  Block: Buckler           |    14 |     6 ||    20

Levels and vault maps discovered:
D:1:      spicycebolla_arrival_clurvy, layout_loops_ring,
          hellmonk_ecumenical_altar_arch_garden, serial_shops,
          nicolae_shop_trees
D:2:      minmay_general_purpose_star, layout_loops_ring, minmay_pentomino_w4
D:3:      layout_rooms

Notes
Turn   | Place    | Note
-------+----------+-------------------------------------------
     0 | D:1      | Sanktem7 the Minotaur Fighter began the quest for the Orb.
     0 | D:1      | Reached XP level 1. HP: 19/19 MP: 0/0
     0 | D:1      | magus.rc [v1.9.6]
    63 | D:1      | Found a faded altar of an unknown god.
   178 | D:1      | You pick up a book of Minor Magic and begin reading...
   178 | D:1      | You add the spells Magic Dart, Call Imp and Mephitic Cloud
                  | to your library.
   327 | D:1      | Reached XP level 2. HP: 27/27 MP: 1/1
   558 | D:1      | Found Ateny's Weapon Shoppe.
   635 | D:2      | Reached skill level 3 in Axes
   700 | D:2      | Reached skill level 4 in Fighting
   914 | D:2      | Reached XP level 3. HP: 33/33 MP: 2/2
   927 | D:2      | Reached skill level 4 in Armour
   927 | D:2      | Reached skill level 4 in Shields
  1050 | D:2      | Reached XP level 4. HP: 35/40 MP: 3/3
  1136 | D:2      | You add the spells Gell's Gravitas, Teleport Other and
                  | Dispersal to your library.
  1201 | D:2      | Reached skill level 4 in Axes
  1476 | D:3      | Noticed a phantom
  1485 | D:3      | HP: 10/41 [frilled lizard (1)]
  1486 | D:3      | Killed from afar by an orc priest

Vanquished Creatures
  7 adders (D:2)
  A worm (D:2)
  3 orcs (D:3)
  3 endoplasms
  2 giant cockroaches (D:2)
  A goblin (D:1)
  2 hobgoblins
  3 kobolds
  3 quokkas
  4 ball pythons
  5 bats
  6 frilled lizards
  4 rats
44 creatures vanquished.

Table legend:
 A = Non-vault XP
 B = Vault XP
 C = Vault XP percentage of total XP
 D = Non-vault monster count
 E = Vault monster count
 F = Vault count percentage of total count
                 A         B        C        D         E       F
            +---------+---------+-------+---------+---------+-------
      Total |     111 |      44 |  28.4 |      32 |      12 |  27.3
            +---------+---------+-------+---------+---------+-------
        D:1 |      13 |       0 |   0.0 |       8 |       0 |   0.0
        D:2 |      87 |      44 |  33.6 |      19 |      12 |  38.7
        D:3 |      11 |       0 |   0.0 |       5 |       0 |   0.0
            +---------+---------+-------+---------+---------+-------

Skill      XL: |  1  2  3  4 |
---------------+-------------+-----
Axes           | 3 4 |  4.1
Fighting       | 4 |  4.4
Armour         | 4 |  4.3
Shields        | 4 |  4.3

Action                     |  1- 3 |  4- 6 || total
---------------------------+-------+-------++-------
  Melee: War axe           |    43 |    26 ||    69
         Headbutt          |     6 |     2 ||     8
 Armour: Scale mail        |    26 |    24 ||    50
  Dodge: Dodged            |    22 |    16 ||    38
  Block: Buckler           |    14 |     6 ||    20

Illustrated notes

Table legend:
 A = Kills in this place as a percentage of kills in the entire game.
 B = Kills by you in this place as a percentage of kills by you in the entire game.
 C = Kills by friends in this place as a percentage of kills by friends in the entire game.
 D = Other kills in this place as a percentage of other kills in the entire game.
 E = Experience gained in this place as a percentage of experience gained in the entire game.
 F = Experience gained in this place divided by the number of levels of this place that you have seen.
                   A       B       C       D       E      F
               +-------+-------+-------+-------+-------+----------------------
         Total | 100.0 | 100.0 |   N/A |   N/A | 100.0 |  51.7
       Dungeon | 100.0 | 100.0 |   N/A |   N/A | 100.0 |  51.7
               +-------+-------+-------+-------+-------+----------------------

Table legend: (Time is in decaauts)
 A = Elapsed time spent in this place.
 B = Non-inter-level travel time spent in this place.
 C = Inter-level travel time spent in this place.
 D = Time resting spent in this place.
 E = Time spent auto-exploring this place.
 F = Levels seen in this place.
 G = Mean time per level.
                   A        B        C        D        E       F      G
               +--------+--------+--------+--------+--------+-----+--------+
         Total |   1509 |   1480 |     29 |      0 |   1279 |   3 |  503.0 |
       Dungeon |   1509 |   1480 |     29 |      0 |   1279 |   3 |  503.0 |
               +--------+--------+--------+--------+--------+-----+--------+

Top non-repeatable levels by time:
     D:2: 868 daAuts
     D:1: 625 daAuts
     D:3: 14 daAuts
